 Dungeon Crawl Stone Soup version 0.32-a0-705-g60f233581c (webtiles) character file.

Game seed: 11778182848828049018

37 BeKind the Chiller (level 3, 0/21 HPs)
             Began as an Octopode Ice Elementalist on Mar 14, 2024.
             Slain by Crazy Yiuf
             ... wielding a +3 quarterstaff of chaos
              (1 damage)
             ... on level 2 of the Dungeon.
             The game lasted 00:01:17 (1674 turns).

BeKind the Chiller (Octopode Ice Elementalist)      Turns: 1674, Time: 00:01:18

Health: 0/21       AC:  1    Str:  7    XL:     3   Next: 41%
Magic:  12/15      EV: 12    Int: 19    God:
Gold:   85         SH:  0    Dex: 12    Spells: 3/7 levels left

rFire   . . .        c - +0 short sword
rCold   . . .        (no shield)
rNeg    . . .        (helmet restricted)
rPois   .            (no amulet)
rElec   .            k - ring of magical power
rCorr   .            (no ring)
SInv    .            (no ring)
Will    .....        (no ring)
Stlth   +++          (no ring)
HPRegen 0.23/turn    (no ring)
MPRegen 0.14/turn    (no ring)
                     (no ring)

%: no passive effects
@: freezing walls
A: almost no armour, amphibious, 8 rings, camouflage 1, gelatinous body 1,
(nimble swimmer 1), tentacles
a: no special abilities


You were on level 2 of the Dungeon.
You visited 1 branch of the dungeon, and saw 2 of its levels.

You collected 85 gold pieces.

Inventory:

Hand Weapons
 c - a +0 short sword (weapon)
Jewellery
 k - a ring of magical power (left tentacle)
 o - a +6 ring of intelligence
Scrolls
 b - 3 scrolls of immolation {unknown}
 e - a scroll of amnesia {unknown}
 f - 2 scrolls of teleportation {unknown}
 h - a scroll of enchant weapon {unknown}
 i - a scroll of identify {unknown}
 l - a scroll of vulnerability {unknown}
 m - a scroll of fear {unknown}
 n - a scroll of enchant armour {unknown}
 p - a scroll of poison {unknown}
Potions
 a - a potion of magic
 d - 4 potions of degeneration {unknown}
 g - 2 potions of ambrosia {unknown}
 j - a potion of heal wounds {unknown}
 q - a potion of curing {unknown}


   Skills:
 + Level 2.6 Dodging
 - Level 3.0 Stealth
 + Level 2.5 Spellcasting
 + Level 4.3 Ice Magic


You had 3 spell levels left.
You knew the following spells:

 Your Spells              Type           Power      Damage    Failure   Level
a - Freeze                Ice            72%        1d8       2%          1
b - Frozen Ramparts       Ice            36%        1d6       9%          3

Your spell library contained the following spells:

 Spells                   Type           Power      Damage    Failure   Level
 Ozocubu's Armour         Ice            18%        N/A       9%          3
 Summon Ice Beast         Ice/Summ       10%        N/A       21%         3
 Lesser Beckoning         Tloc           4%         N/A       24%         2
 Gell's Gravitas          Tloc           2%         N/A       43%         3
 Teleport Other           Tloc           2%         N/A       43%         3


Dungeon Overview and Level Annotations

Branches:
Dungeon (2/15)

Altars:
Trog

Annotations:
D:2 Crazy Yiuf


Innate Abilities, Weirdness & Mutations

You cannot wear most types of armour.
You are amphibious.
You can wear up to eight rings at the same time.
Your skin changes colour to match your surroundings (Stealth+).
Your rubbery body absorbs attacks. (AC +1, EV +1)
((You are camouflaged when in or above water. (Stealth+)))
You have tentacles for arms and can constrict up to eight enemies at once.


Message History

No reachable target in view!
Could not explore, unopened runed door.
No reachable target in view!
Could not explore, unopened runed door.
No reachable target in view!
This spell is quite dangerous to cast!
You start memorising the spell.
You continue memorising. x2
Crazy Yiuf shouts!
Crazy Yiuf screams, "Gnoll!"
You continue memorising.
You finish memorising.
Spell assigned to 'b'.
Casting: Freeze (safe; 2% risk of failure)
Confirm with . or Enter, or press ? or * to list all spells.
Casting: Frozen Ramparts (quite dangerous; 9% risk of failure)
Press: ? - help, Dir - look around, f - activate The walls around you are covered in ice.
You open the door.
The wall freezes Crazy Yiuf but does no damage.
You hit Crazy Yiuf. Your grab misses Crazy Yiuf.
Your squeeze misses Crazy Yiuf.
Crazy Yiuf is moderately wounded.
The wall freezes Crazy Yiuf but does no damage.
Crazy Yiuf closely misses you.
You hit Crazy Yiuf but do no damage. Your grab misses Crazy Yiuf.
Your squeeze misses Crazy Yiuf.
Crazy Yiuf is moderately wounded.
The wall freezes Crazy Yiuf.
Crazy Yiuf closely misses you.
You closely miss Crazy Yiuf. Your grab misses Crazy Yiuf.
You squeeze Crazy Yiuf, but do no damage.
Crazy Yiuf is moderately wounded.
The wall freezes Crazy Yiuf.
Crazy Yiuf hits you with a +3 quarterstaff of chaos!
Crazy Yiuf draws strength from your wounds!
You barely miss Crazy Yiuf. You grab Crazy Yiuf.
Crazy Yiuf is lightly wounded.
You constrict Crazy Yiuf.
The wall freezes Crazy Yiuf.
Crazy Yiuf hits you with a +3 quarterstaff of chaos!
* * * LOW HITPOINT WARNING * * *
Crazy Yiuf burns you.
You die...

#....#
#.##.###.# #
#....#
#.##.....###
♣....♣
#.###.####..
♣♣...♣
#.###.####.#
♣♣.♣♣
#.#.....##.#
♣♣.♣
#.#.....##..
♣.♣♣
#.#.....##.#
♣♣.♣
#.#.....##..
♣@♣♣
#.#.....##.. #g#
#.########.† ...
#.# #.. #...#
##########..
#)..# #......#.
#####
####.##.#.#.
#....#......
########..#.#.##
#.............#


You could see Crazy Yiuf.

Vanquished Creatures
  An adder (D:2)
  4 endoplasms
  3 hobgoblins
  4 jackals
  A quokka (D:1)
  6 ball pythons (D:1)
  3 bats
  4 frilled lizards
  2 kobolds (D:1)
28 creatures vanquished.

Notes
Turn   | Place    | Note
-------+----------+-------------------------------------------
     0 | D:1      | BeKind the Octopode Ice Elementalist began the quest for
                  | the Orb.
     0 | D:1      | Reached XP level 1. HP: 11/11 MP: 3/3
   207 | D:1      | Reached XP level 2. HP: 11/17 MP: 5/5
   459 | D:1      | Found a faded altar of an unknown god.
   955 | D:2      | Found a bloodstained altar of Trog.
  1056 | D:2      | Reached XP level 3. HP: 21/21 MP: 6/6
  1333 | D:2      | Found a runed translucent door.
  1334 | D:2      | Noticed Crazy Yiuf
  1669 | D:2      | Learned a level 3 spell: Frozen Ramparts
  1674 | D:2      | HP: 1/21 [Crazy Yiuf/+3 quarterstaff of chaos (10)]
  1674 | D:2      | Slain by Crazy Yiuf

Illustrated notes

Levels and vault maps discovered:
D:1:      eino_arrival_cavern_a, layout_basic,
          nicolae_ecumenical_snake_handling, hangedman_decor_peaks_small
D:2:      layout_loops_cross, basic_altar, minivault_14, st_stairs_6,
          uniq_crazy_yiuf_cottage

Skill      XL: |  1 |
---------------+----+-----
Stealth        | 3 |  3.0
Dodging        | |  2.6
Spellcasting   | |  2.5
Ice Magic      | |  4.3

Action                     || total
---------------------------++-------
  Melee: Constrict         ||    14
         Short sword       ||    46
         Unarmed           ||     2
         Tentacles         ||    13
   Cast: Freeze            ||     4
         Frozen Ramparts   ||     1
   Stab: Sleeping          ||     5
 Armour: Skin              ||    21
  Dodge: Dodged            ||    34

Table legend: (Time is in decaauts)
 A = Elapsed time spent in this place.
 B = Non-inter-level travel time spent in this place.
 C = Inter-level travel time spent in this place.
 D = Time resting spent in this place.
 E = Time spent auto-exploring this place.
 F = Levels seen in this place.
 G = Mean time per level.
                   A        B        C        D        E       F      G
               +--------+--------+--------+--------+--------+-----+--------+
         Total |   1672 |   1531 |    141 |      0 |   1331 |   2 |  836.0 |
       Dungeon |   1672 |   1531 |    141 |      0 |   1331 |   2 |  836.0 |
               +--------+--------+--------+--------+--------+-----+--------+

Top non-repeatable levels by time:
     D:1: 867 daAuts
     D:2: 805 daAuts
